 Dungeon Crawl Stone Soup version 0.29.1-1-gd02db6906a (webtiles) character file.

Game seed: 1522896715958964618

0 Gabide the Grave Robber (level 1, 0/13 HPs)
             Began as a Mummy Necromancer on Oct 3, 2022.
             Slain by a jackal (1 damage)
             ... on level 1 of the Dungeon.
             The game lasted 00:00:38 (80 turns).

Gabide the Grave Robber (Mummy Necromancer)           Turns: 80, Time: 00:00:38

Health: 0/13       AC:  2    Str: 11    XL:     1   Next: 8%
Magic:  0/4        EV: 12    Int: 14    God:
Gold:   0          SH:  0    Dex: 12    Spells: 4/5 levels left

rFire   x . .      SeeInvis .   (no weapon)
rCold   + . .      Faith    .   (no shield)
rNeg    + + +      Spirit   .   a - +0 robe
rPois   ∞          Reflect  .   (no helmet)
rElec   .          Harm     .   (no cloak)
rCorr   .          Rampage  .   (no gloves)
Will    .....                   (no boots)
Stlth   ++........              (no amulet)
HPRegen 0.04/turn               (no ring)
MPRegen 0.09/turn               (no ring)

@: no status effects
A: cold resistance 1, negative energy resistance 3, torment resistance 2, heat
vulnerability 1, no potions
a: no special abilities


You were on level 1 of the Dungeon.
You visited 1 branch of the dungeon, and saw 1 of its levels.

Inventory:

Armour
 a - a +0 robe (worn)


   Skills:
 + Level 0.0 Fighting
 + Level 1.5 Dodging
 - Level 1.5 Stealth
 + Level 2.7 Spellcasting
 + Level 4.0 Necromancy


You had 4 spell levels left.
You knew the following spells:

 Your Spells              Type           Power      Damage    Failure   Level
a - Necrotise             Necr           52%        1d6       4%          1

Your spell library contained the following spells:

 Spells                   Type           Power      Damage    Failure   Level
 Vampiric Draining        Necr           13%        2d6       13%         3
 Animate Dead             Necr           13%        N/A       38%         4
 Agony                    Necr           13%        N/A       75%         5


Dungeon Overview and Level Annotations

Branches:
Dungeon (1/15)

Altars:


Innate Abilities, Weirdness & Mutations

You are immune to poison.
Your flesh is cold resistant. (rC+)
You are immune to negative energy. (rN+++)
You are immune to unholy pain and torment.
You are vulnerable to heat. (rF-)
You do not drink.


Message History

Unknown command.
The jackal attacks as you move away!
The jackal bites you but does no damage.
The jackal pauses to sniff the ground.
Found a scroll labelled FIENIX FIOPE.
Unknown command.
The jackal barely resists.
The jackal bites you but does no damage.
The jackal barely resists.
The jackal barely misses you.
You are out of magic!
You closely miss the jackal. The jackal completely misses you.
The jackal closely misses you.
You hit the jackal but do no damage. The jackal bites you.
You completely miss the jackal. The jackal barely misses you.
You miscast Necrotise.
You are very lightly contaminated with residual magic.
Nothing appears to happen.
The jackal bites you but does no damage.
The jackal bites you.
You hit the jackal but do no damage. The jackal bites you.
You hit the jackal.
The jackal is severely wounded.
The jackal bites you. x2
* * * LOW HITPOINT WARNING * * *
You completely miss the jackal.
The jackal is severely wounded.
The jackal barely misses you.
You hit the jackal but do no damage.
The jackal is severely wounded.
The jackal bites you.
* * * LOW HITPOINT WARNING * * *
You can't drink.
As you read the scroll labelled HEHER MIEJ IXU, it crumbles to dust.
It is a scroll of identify.
You don't have any unidentified items.
The jackal misses you. The jackal barely misses you.
The jackal attacks as you move away! The jackal closely misses you.
Your magical contamination has completely faded away.
The jackal bites you.
You die...

#. #.'...#.## #. #.
#.#####.# ##.. #.
###..PPP### ....
#.##......8#
.....#.#..#######
#...#.#.## #.......#
.
....#.#..#######....
... #.#...hh@....?..
#..#.##.##h#######.
#.....#.##.#
#...hh#...
....h..$##....
...............
.......##......#
....... .......#
....... ..


You could see 3 jackals.

Vanquished Creatures
  A bat (D:1)
1 creature vanquished.

Notes
Turn   | Place    | Note
-------+----------+-------------------------------------------
     0 | D:1      | Gabide the Mummy Necromancer began the quest for the Orb.
     0 | D:1      | Reached XP level 1. HP: 13/13 MP: 4/4
    80 | D:1      | Slain by a jackal

Illustrated notes

Levels and vault maps discovered:
D:1:      sevenhm_arrival_forest_fort_small_3, layout_basic, serial_shops,
          nicolae_lakefront_shop

Action                   || total
-------------------------++-------
Melee: Unarmed           ||     7
 Cast: Necrotise         ||     7
  Use: Scroll            ||     1
Armor: Robe              ||     3
Dodge: Dodged            ||     9
